 Dungeon Crawl Stone Soup version 0.27.0-1-g7a089689b8 (webtiles) character file.

Game seed: 17923451077255863150

429 inmateoo the Chopper (level 6, -6/57 HPs)
             Began as a Deep Dwarf Fighter on Aug 13, 2021.
             Mangled by Duvessa (7 damage)
             ... on level 5 of the Dungeon.
             The game lasted 00:02:46 (2704 turns).

inmateoo the Chopper (Deep Dwarf Fighter)           Turns: 2704, Time: 00:02:47

Health: -6/57      AC: 10    Str: 22    XL:     6   Next: 66%
Magic:  0/0        EV:  6    Int:  8    God:
Gold:   202        SH: 11    Dex: 12    Spells: 5/5 levels left

rFire    . . .     SeeInvis .   a - +0 war axe
rCold    + . .     Faith    .   c - +1 kite shield
rNeg     . . .     Spirit   .   h - +0 chain mail
rPois    .         Reflect  .   b - +0 helmet
rElec    .         Harm     .   (no cloak)
rCorr    .         Rampage  .   (no gloves)
Will     .....                  (no boots)
Stlth    ..........             (no amulet)
HPRegen  0.00/turn              l - ring of protection from cold
MPRegen  0.07/turn              (no ring)

@: no status effects
A: damage resistance, heal wounds, sense surroundings 1, no regeneration
a: Heal Wounds


You were on level 5 of the Dungeon.
You visited 1 branch of the dungeon, and saw 5 of its levels.

You collected 202 gold pieces.

Inventory:

Hand Weapons
 a - a +0 war axe (weapon)
Missiles
 n - a throwing net
Armour
 b - a +0 helmet (worn)
 c - a +1 kite shield (worn)
 h - a +0 chain mail (worn)
Jewellery
 j - a ring of ice
 l - a ring of protection from cold (left hand)
Scrolls
 g - a scroll of identify
 k - a scroll of teleportation
 p - a scroll of enchant armour
Potions
 d - a potion of might
 e - a potion of curing
 f - a potion of attraction
 i - a potion of mutation
 m - a potion of lignification {unknown}


   Skills:
 + Level 3.9 Fighting
 * Level 5.2 Axes
 + Level 4.7 Armour
 + Level 4.7 Shields


You had 5 spell levels left.
You didn't know any spells.
Your spell library was empty.

Dungeon Overview and Level Annotations

Branches:
Dungeon (5/15)
 Temple: D:4-7

Altars:
Cheibriados
Uskayaw

Annotations:
D:4 3 runed translucent doors, Zgarb's ghost, weakling GnDe
D:5 Duvessa


Innate Abilities, Weirdness & Mutations

You are resistant to damage.
You can heal yourself by infusing magical energy.
You passively map a small area around you.
You do not regenerate.


Message History

You slash Dowan!
You kill Dowan!
Duvessa weeps, then rights herself and shakes her weapon.
Duvessa goes berserk!
You hit Duvessa.
Duvessa hits you with a +0 short sword! x2
Your shield and chain mail prevent you from hitting Duvessa.
Duvessa is almost dead.
Duvessa hits you with a +0 short sword! Duvessa hits you with a +0 short sword.
* * * LOW HITPOINT WARNING * * *
You are too injured to fight recklessly!
You hit Duvessa.
Duvessa is almost dead.
Duvessa hits you but does no damage. You block Duvessa's attack.
Okay, then.
You hit Duvessa but do no damage.
Duvessa is almost dead.
Duvessa hits you with a +0 short sword!
* * * LOW HITPOINT WARNING * * *
You block Duvessa's attack. x2
You barely miss Duvessa.
Duvessa is almost dead.
You block Duvessa's attack. Duvessa hits you with a +0 short sword!
* * * LOW HITPOINT WARNING * * *
You barely miss Duvessa.
Duvessa is almost dead.
You block Duvessa's attack. Duvessa hits you with a +0 short sword.
* * * LOW HITPOINT WARNING * * *
Your magical essence is drained by the effort!
You feel much better. You block Duvessa's attack.
You hit Duvessa.
Duvessa is almost dead.
Duvessa hits you with a +0 short sword!
* * * LOW HITPOINT WARNING * * *
Duvessa hits you but does no damage. Duvessa hits you with a +0 short sword.
* * * LOW HITPOINT WARNING * * *
You closely miss Duvessa.
Duvessa is almost dead.
Duvessa hits you with a +0 short sword!
* * * LOW HITPOINT WARNING * * *
Duvessa hits you with a +0 short sword!
You die...

#.# *,
,#.# , *
,, ..#
### ,..#,
... #.#
#.# , *
#.#...# *
*
*,#)#..#,
,#@e..#
*,
#.#....#
,#.# .###
#..(#, #
#......
########


You could see Duvessa (berserk).

Vanquished Creatures
  An ogre (D:4)
  A water moccasin skeleton (D:4)
  Dowan (D:5)
  An orc priest (D:2)
  Jessica (D:2)
  Ijyb (D:3)
  Terence (D:2)
  Natasha (twice) (D:2)
  2 adders
  2 worms
  7 orcs
  2 bats (D:2)
  5 endoplasms
  6 giant cockroaches
  3 hobgoblins (D:2)
  7 jackals
  4 quokkas
  3 ball pythons
  2 frilled lizards
  A goblin (D:2)
  6 kobolds
  6 rats
65 creatures vanquished.

Notes
Turn   | Place    | Note
-------+----------+-------------------------------------------
     0 | D:1      | inmateoo the Deep Dwarf Fighter began the quest for the
                  | Orb.
     0 | D:1      | Reached XP level 1. HP: 20/20 MP: 1/1
   224 | D:1      | Found a faded altar of an unknown god.
   352 | D:1      | Reached XP level 2. HP: 16/27 MP: 2/2
   748 | D:2      | Noticed Jessica
   762 | D:2      | Killed Jessica
   763 | D:2      | Reached skill level 3 in Axes
   763 | D:2      | Reached XP level 3. HP: 20/34 MP: 2/2
   873 | D:2      | Noticed Terence
   879 | D:2      | Killed Terence
   880 | D:2      | Reached XP level 4. HP: 17/42 MP: 3/3
   936 | D:2      | Noticed Natasha
   952 | D:2      | Killed Natasha
  1143 | D:2      | Noticed Natasha
  1148 | D:2      | Killed Natasha
  1149 | D:2      | Reached skill level 4 in Axes
  1149 | D:2      | Reached XP level 5. HP: 30/49 MP: 2/2
  1317 | D:3      | Found a hide-covered altar of Uskayaw.
  1449 | D:3      | Found a snail-covered altar of Cheibriados.
  1535 | D:3      | Noticed Ijyb
  1545 | D:3      | Killed Ijyb
  1946 | D:4      | Reached XP level 6. HP: 30/57 MP: 3/3
  2122 | D:4      | Noticed an ice beast
  2122 | D:4      | Noticed Zgarb's ghost (weakling GnDe)
  2167 | D:4      | Reached skill level 5 in Axes
  2428 | D:4      | Found a runed translucent gate.
  2428 | D:4      | Found a runed translucent gate.
  2428 | D:4      | Found a runed translucent gate.
  2632 | D:5      | Entered Level 5 of the Dungeon
  2632 | D:5      | Noticed Dowan
  2635 | D:5      | Noticed Duvessa
  2696 | D:5      | Killed Dowan
  2701 | D:5      | HP: 1/57 [Duvessa (3)]
  2704 | D:5      | Mangled by Duvessa

Illustrated notes

Levels and vault maps discovered:
D:1:      dpeg_arrival_chambers_temple_mockup, layout_basic,
          dreamdust_ecumenical_altar_grove, due_unseen_surprise
D:2:      layout_rooms, uniq_jessica, uniq_natasha, uniq_terence
D:3:      layout_rooms, old_standard_altar,
          nicolae_uskayaw_murder_on_the_dancefloor, dk_noncrumbling_3, uniq_ijyb
D:4:      layout_loops_cross, gammafunk_ghost_icy, minivault_11
D:5:      layout_basic, uniq_duvessa

Skill      XL: |  1  2  3  4  5  6 |
---------------+-------------------+-----
Fighting       | 3 |  3.9
Axes           | 3 4 5 |  5.2
Shields        | 4 |  4.7
Armour         | 4 |  4.7

Action                   |  1- 3 |  4- 6 || total
-------------------------+-------+-------++-------
Melee: War axe           |    80 |   145 ||   225
 Abil: Heal Wounds       |     1 |    10 ||    11
Evoke: Wand              |       |     1 ||     1
  Use: Scroll            |       |     7 ||     7
Armor: Scale mail        |    44 |    30 ||    74
       Chain mail        |       |    12 ||    12
Dodge: Dodged            |    34 |    33 ||    67
Block: Kite shield       |    51 |    94 ||   145
